AoeStats
← Navix de los Bosques de Lituania

Arabia

508363003Analyzed
3v3 RM · 8d ago on Sep 22, 2026· 26m 47s· 6 players
Game mode
Random Map
Map size
Normal (6 player)
Population
200
Speed
Normal
Resources
Standard
Victory
Conquest
Starting age
Dark Age
Ending age
Imperial Age
RankedLock teamsTeams togetherTeam positionsShared explorationLock speedFull tech treeHidden civsTurbo modeCheats
Victory
Defeat
🇨🇴 Slavs · Colombia
793
+10
782
+10
🇦🇺 Bohemians · Australia
747
+12
🇨🇴 Franks · Colombia
704
-13
🇨🇴 Persians · Colombia
639
-10
🇺🇸 Britons · United States
611
-9
Karma
10:28 Feudal Age
11:00 Double-Bit Axe
13:49 Loom
17:30 Castle Age
16:56 Fletching
17:23 Padded Archer Armor
Sifonix
14:54 Feudal Age
REYJAGUAR4660
2:16 Loom
11:23 Feudal Age
12:17 Double-Bit Axe
12:23 Town Watch
13:29 Man-at-Arms
18:03 Forging
Navix de los Bosques de Lituania
3:44 Loom
11:11 Feudal Age
11:29 Man-at-Arms
11:54 Arson
12:47 Long Swordsman
13:44 Forging
13:35 Scale Mail Armor
Derzer
10:12 Feudal Age
8:30 Loom
12:27 Horse Collar
14:12 Man-at-Arms
17:07 Double-Bit Axe
20:50 Forging
24:45 Castle Age
25:00 Light Cavalry
26:30 Bow Saw
26:45 Bloodlines
27:17 Husbandry
THENEYK
8:13 Loom
10:10 Feudal Age
16:32 Castle Age
17:24 Double-Bit Axe
22:31 Horse Collar
24:12 Wagenburg Tactics
Connection lost

Rejoining the realm…

Still unreachable

The connection could not be restored.

Session expired

The server has moved on; the page needs a fresh start.